AoeStats
← AlfredtGreat354

Lombardia

510172478Analyzed
4v4 RM · 4d ago on Sep 29, 2026· 82m 53s· 8 players
Game mode
Random Map
Map size
Large (8 player)
Population
200
Speed
Normal
Resources
Standard
Victory
Conquest
Starting age
Dark Age
Ending age
Imperial Age
RankedLock teamsTeams togetherTeam positionsShared explorationLock speedFull tech treeHidden civsTurbo modeCheats
Victory
Defeat
🇬🇧 Mongols · United Kingdom
903
+16
🇬🇧 Japanese · United Kingdom
517
+16
🇬🇧 Celts · United Kingdom
381
+21
🇬🇧 Britons · United Kingdom
381
+21
🇮🇳 Mongols · India
565
-18
🇨🇱 Japanese · Chile
550
-16
🇦🇷 Saracens · Argentina
507
-14
🇬🇧 Khmer · United Kingdom
490
-14
Montys8th
1:21 Loom
12:30 Feudal Age
12:41 Man-at-Arms
13:20 Double-Bit Axe
13:29 Gold Mining
13:29 Stone Mining
14:28 Town Watch
17:52 Wheelbarrow
20:24 Horse Collar
24:13 Castle Age
24:31 Long Swordsman
26:17 Pikeman
29:55 Crossbowman
30:49 Husbandry
32:24 Bloodlines
33:23 Gold Shaft Mining
33:23 Stone Shaft Mining
32:14 Light Cavalry
39:48 Imperial Age
37:33 Hand Cart
38:06 Town Patrol
40:33 Scale Barding Armor
40:29 Scale Mail Armor
40:29 Padded Archer Armor
40:19 Fletching
40:58 Two-Handed Swordsman
42:46 Chemistry
42:21 Arbalester
42:24 Elite Skirmisher
44:29 Heavy Plow
45:13 Caravan
46:19 Chain Barding Armor
46:14 Chain Mail Armor
46:15 Leather Archer Armor
46:07 Guard Tower
46:38 Ballistics
47:46 Elite Battle Elephant
49:54 Bow Saw
49:13 Cavalier
50:14 Tusk Swords
51:25 Double Crossbow
53:03 Elite Ballista Elephant
58:06 Plate Barding Armor
57:27 Bodkin Arrow
57:43 Forging
63:56 Hoardings
62:51 Sappers
63:33 Hussar
66:20 Halberdier
72:55 Heavy Scorpion
Man_at_arms_rush_FC
0:29 Loom
12:42 Feudal Age
16:46 Bloodlines
22:51 Castle Age
21:35 Scale Barding Armor
21:41 Forging
25:53 Wheelbarrow
29:06 Hand Cart
28:42 Double-Bit Axe
29:43 Bow Saw
29:20 Horse Collar
29:32 Gold Mining
Ykaru_C
11:51 Feudal Age
10:07 Loom
13:12 Wheelbarrow
12:44 Double-Bit Axe
13:47 Horse Collar
25:59 Castle Age
26:49 Bow Saw
26:47 Heavy Plow
26:55 Crossbowman
28:18 Padded Archer Armor
28:08 Fletching
29:36 Leather Archer Armor
29:42 Bodkin Arrow
30:57 Thumb Ring
30:57 Gold Mining
32:06 Caravan
35:07 Hand Cart
40:59 Imperial Age
41:01 Arbalester
42:08 Parthian Tactics
42:47 Two-Man Saw
42:52 Hoardings
44:41 Ring Archer Armor
44:12 Bracer
47:03 Chemistry
46:48 Ballistics
46:37 Siege Engineers
46:43 Masonry
49:52 Murder Holes
52:28 Counterweights
78:38 Heavy Camel Rider
79:31 Bloodlines
79:22 Husbandry
81:37 Scale Barding Armor
81:43 Forging
Mapuche Mayer
TheRoad24
11:58 Feudal Age
17:03 Double-Bit Axe
18:40 Horse Collar
19:42 Wheelbarrow
25:26 Castle Age
24:20 Gold Mining
24:22 Stone Mining
26:25 Hand Cart
26:51 Stone Shaft Mining
26:55 Gold Shaft Mining
26:51 Bow Saw
35:33 Imperial Age
33:50 Heavy Plow
35:10 Fortified Wall
35:23 Ballistics
38:16 Chemistry
42:09 Drill
42:11 Conscription
44:58 Caravan
45:59 Nomads
48:01 Onager
49:35 Siege Onager
51:34 Crossbowman
52:20 Thumb Ring
55:55 Arbalester
75:00 Elite Skirmisher
AlfredtGreat354
10:05 Feudal Age
11:32 Wheelbarrow
10:47 Horse Collar
10:55 Double-Bit Axe
14:20 Man-at-Arms
15:26 Forging
15:16 Scale Mail Armor
18:57 Fletching
19:07 Padded Archer Armor
19:54 Gold Mining
21:13 Stone Mining
30:06 Scale Barding Armor
35:51 Castle Age
37:59 Hand Cart
38:14 Bodkin Arrow
38:35 Leather Archer Armor
38:57 Crossbowman
45:36 Gold Shaft Mining
45:17 Bow Saw
45:14 Heavy Plow
45:52 Elite Skirmisher
47:58 Caravan
49:34 Fortified Wall
49:59 Ballistics
53:18 Imperial Age
52:01 Yeomen
57:16 Ring Archer Armor
56:47 Bracer
57:40 Cavalier
58:20 Husbandry
60:33 Elite Longbowman
61:35 Conscription
68:53 Arbalester
gjaflaug
5:08 Loom
12:08 Feudal Age
14:27 Wheelbarrow
15:09 Man-at-Arms
16:05 Gold Mining
16:13 Double-Bit Axe
18:02 Arson
20:51 Forging
20:42 Scale Mail Armor
26:57 Stone Mining
31:11 Castle Age
31:13 Pikeman
34:14 Hand Cart
40:03 Iron Casting
39:44 Chain Mail Armor
39:34 Murder Holes
43:27 Ballistics
43:19 Fortified Wall
45:43 Bow Saw
46:36 Stronghold
48:55 Masonry
50:58 Horse Collar
56:13 Imperial Age
56:50 Heavy Scorpion
60:01 Halberdier
61:48 Blast Furnace
61:19 Plate Mail Armor
62:14 Furor Celtica
62:30 Conscription
67:13 Siege Engineers
68:38 Capped Ram
72:47 Siege Ram
Harv
12:07 Feudal Age
17:27 Castle Age
17:05 Double-Bit Axe
17:21 Gold Mining
18:57 Stone Mining
20:30 Bow Saw
24:52 Pikeman
32:40 Scale Mail Armor
32:36 Horse Collar
34:13 Wheelbarrow
33:24 Loom
33:27 Town Watch
35:12 Forging
36:04 Heavy Plow
46:25 Imperial Age
43:57 Town Patrol
44:38 Iron Casting
44:20 Chain Mail Armor
44:00 Fletching
44:28 Hand Cart
46:33 Elite Samurai
47:36 Kataparuto
49:06 Plate Mail Armor
48:47 Arson
49:05 Squires
51:47 Gold Shaft Mining
54:37 Chemistry
53:59 Ballistics
53:52 Fortified Wall
56:35 Yasama
57:17 Halberdier
65:40 Blast Furnace
64:36 Bodkin Arrow
64:41 Padded Archer Armor
64:47 Scale Barding Armor
68:24 Block Printing
68:40 Illumination
69:10 Theocracy
74:44 Sanctity
74:48 Redemption
75:30 Thumb Ring
Connection lost

Rejoining the realm…

Still unreachable

The connection could not be restored.

Session expired

The server has moved on; the page needs a fresh start.